 Dungeon Crawl Stone Soup version 0.28.0 (webtiles) character file.

Game seed: 3901040758185047681

46 GawarQuan the Grave Robber (level 3, -4/19 HPs)
             Began as a Deep Elf Necromancer on Feb 13, 2022.
             Slain by Grinder (5 damage)
             ... while paralysed by Grinder
             ... on level 4 of the Dungeon.
             The game lasted 00:20:41 (1632 turns).

GawarQuan the Grave Robber (Deep Elf Necromancer)   Turns: 1632, Time: 00:20:42

Health: -4/19      AC:  6    Str:  5    XL:     3   Next: 44%
Magic:  10/10      EV:  2    Int: 21    God:
Gold:   146        SH:  0    Dex: 15    Spells: 8/9 levels left

rFire   . . .      SeeInvis .   o - +0 quarterstaff
rCold   . . .      Faith    .   (shield currently unavailable)
rNeg    . . .      Spirit   .   n - +0 leather armour
rPois   .          Reflect  .   p - +2 helmet
rElec   .          Harm     .   (no cloak)
rCorr   .          Rampage  .   (no gloves)
Will    .....                   (no boots)
Stlth   ++........              (no amulet)
HPRegen 0.06/turn               (no ring)
MPRegen 0.12/turn               (no ring)

@: paralysed
A: no striking features
a: no special abilities


You were on level 4 of the Dungeon.
You visited 1 branch of the dungeon, and saw 4 of its levels.

You collected 146 gold pieces.

Inventory:

Hand Weapons
 c - a +0 whip
 e - a +0 dagger
 f - a +0 dagger
 h - a +0 short sword
 i - a +0 short sword
 j - a +0 whip
 l - a +0 dagger
 o - a +0 quarterstaff (weapon)
 s - a +0 long sword
Missiles
 r - 3 boomerangs
Armour
 a - a +0 robe
 n - a +0 leather armour (worn)
 p - a +2 helmet (worn)
Scrolls
 m - a scroll of amnesia
 q - a scroll of fear {unknown}
 t - a scroll of enchant weapon {unknown}
 u - a scroll of identify
Potions
 b - a potion of might
 d - a potion of curing {unknown}
 g - a potion of mutation {unknown}
 k - a potion of attraction


   Skills:
 + Level 0.2 Armour
 + Level 2.4 Dodging
 + Level 2.5 Stealth
 + Level 3.9 Spellcasting
 + Level 5.7 Necromancy


You had 8 spell levels left.
You knew the following spells:

 Your Spells              Type           Power      Damage    Failure   Level
a - Pain                  Necr           100%       1d9       1%          1

Your spell library contained the following spells:

 Spells                   Type           Power      Damage    Failure   Level
 Animate Skeleton         Necr           56%        N/A       1%          1
 Vampiric Draining        Necr           28%        2d8       5%          3
 Animate Dead             Necr           14%        N/A       19%         4
 Agony                    Necr           28%        N/A       45%         5


Dungeon Overview and Level Annotations

Branches:
Dungeon (4/15)
 Temple: D:4-7

Altars:
Ashenzari
Qazlal
Xom

Annotations:
D:4 Grinder


Message History

You can't see any susceptible monsters within range! (Use Z to cast anyway.) Unknown command.
Press < or > to pray at altars.
You close the door.
You open the door.
Casting: Pain (safe; 1% risk of failure)
Confirm with . or Enter, or press ? or * to list all spells.
You can't see any susceptible monsters within range! (Use Z to cast anyway.)
Casting: Pain (safe; 1% risk of failure)
Confirm with . or Enter, or press ? or * to list all spells.
You can't see any susceptible monsters within range! (Use Z to cast anyway.) There's a creature in the doorway!
You hit the quokka skeleton.
The quokka skeleton is severely damaged.
The quokka skeleton bites you but does no damage.
Grinder blinks!
You barely miss the quokka skeleton.
The quokka skeleton is severely damaged.
The quokka skeleton completely misses you.
The quokka skeleton bites you but does no damage.
You hit the quokka skeleton.
You destroy the quokka skeleton!
Casting: Pain (safe; 1% risk of failure)
Confirm with . or Enter, or press ? or * to list all spells.
You can't see any susceptible monsters within range! (Use Z to cast anyway.) Unknown command.
Press < or > to pray at altars.
Casting: Pain (safe; 1% risk of failure)
Confirm with . or Enter, or press ? or * to list all spells.
You can't see any susceptible monsters within range! (Use Z to cast anyway.)
You close the door.
Grinder breaks down the door.
Grinder gestures at you.
You suddenly lose the ability to move!
Grinder gestures at you. Pain shoots through your body!
* * * LOW HITPOINT WARNING * * *
Grinder hits you.
* * * LOW HITPOINT WARNING * * *
Grinder hits you.
You die...

>.# ..#
#####..#
#####.....$##
............#
#..........##
#....###....#
#...l#@#....#
#....#5#....#
#### #.######
#.##..#
#.....#
####..# #..#
#..#######
#......Z.#


You could see Grinder and an iguana.

Vanquished Creatures
  An adder (D:3)
  A worm (D:3)
  An orc (D:3)
  4 endoplasms
  2 giant cockroaches
  2 goblins (D:2)
  3 hobgoblins
  2 jackals (D:1)
  3 ball pythons
  2 bats (D:3)
  3 frilled lizards
  4 kobolds
  A quokka skeleton (D:4)
  4 rats
33 creatures vanquished.

Vanquished Creatures (others)
  4 plants (D:1)
4 creatures vanquished.

Grand Total: 37 creatures vanquished

Notes
Turn   | Place    | Note
-------+----------+-------------------------------------------
     0 | D:1      | GawarQuan the Deep Elf Necromancer began the quest for the
                  | Orb.
     0 | D:1      | Reached XP level 1. HP: 10/10 MP: 6/6
   237 | D:1      | Reached skill level 5 in Necromancy
   348 | D:1      | Reached XP level 2. HP: 10/15 MP: 2/8
  1186 | D:3      | Found a shimmering altar of Xom.
  1301 | D:3      | Reached XP level 3. HP: 15/19 MP: 5/10
  1348 | D:3      | Found a stormy altar of Qazlal.
  1566 | D:4      | Noticed Grinder
  1586 | D:4      | Found a broken altar of Ashenzari.
  1628 | D:4      | Paralysed by Grinder for 7 turns
  1632 | D:4      | Slain by Grinder

Illustrated notes

Levels and vault maps discovered:
D:1:      amcnicky_arrival_underground_garden, layout_loops_ring, serial_bayou,
          serial_bayou_lagoon_b, serial_bayou_pond_e, serial_bayou_pond_e,
          serial_bayou_lagoon_a
D:2:      layout_rooms
D:3:      layout_rooms, nicolae_qazlal_general_emergency, lemuel_round_altar,
          grunt_nemelex_the_gamble, dreamdust_ecumenical_altar_drowned_temple,
          chequers_serial_rivers_marsh, grunt_decor_one_mirror,
          bh_walls_and_bars
D:4:      layout_loops_ring, nicolae_uskayaw_suspiria,
          mainiacjoe_overflow_small_starburst, ashenzari_conservatory_becter,
          mainiacjoe_overflow_alcove_1, general_overflow_altar,
          gammafunk_ghost_smash, chequers_serial_rivers_micro_b, moated_statue,
          uniq_grinder

Skill      XL: |  1 |
---------------+----+-----
Necromancy     | 5 |  5.7
Armour         | |  0.2
Dodging        | |  2.4
Stealth        | |  2.5
Spellcasting   | |  3.9

Action                   || total
-------------------------++-------
Melee: Quarterstaff      ||     3
 Cast: Pain              ||    51
  Use: Scroll            ||     4
Armor: Leather armour    ||     2
Dodge: Dodged            ||     5
